 Dungeon Crawl Stone Soup version 0.23-a0-642-g3120c2f5a9 (webtiles) character file.

606473 kukumber123 the Slayer (level 26, -3/259 HPs)
             Began as a Minotaur Berserker on Dec 26, 2018.
             Was a High Priest of Trog.
             Killed by divine providence
             ... invoked by a balrug
              (10 damage)
             ... on level 5 of the Realm of Zot on Dec 31, 2018.
             The game lasted 10:43:41 (79607 turns).

kukumber123 the Slayer (Minotaur Berserker)        Turns: 79607, Time: 10:43:41

Health: -3/259     AC: 40    Str: 24      XL:     26   Next: 63%
Magic:  11/11      EV: 18    Int:  4      God:    Trog [*****.]
Gold:   3372       SH:  0    Dex: 19 (20) Spells: 25/25 levels left

rFire    + + +     SeeInvis .   d - +9 broad axe (antimagic)
rCold    + . .     Gourm    .   E - +5 large shield {reflect}
rNeg     . . .     Faith    .   M - +7 gold dragon scales
rPois    +         Spirit   .   (helmet restricted)
rElec    .         Reflect  +   A - +2 cloak
rCorr    +         Harm     .   Z - +2 pair of gloves
MR       ++++.                  (no boots)
Stlth    ..........             T - amulet of Xom's Capriciousness {RegenMP rF+ Int-2 Slay+4}
HPRegen  1.53/turn              K - ring "Aneitied" {+Fly MR+ Dex+3 Stlth+}
MPRegen  0.37/turn              y - ring of the Frog {rCorr +Blink rF+ MP+9 Str+3}

@: confused, lethally poisoned (-3 -> -4), very slightly contaminated,
regenerating, very slow
A: retaliatory headbutt, horns 2, large bone plates 1, clever 1, clumsy 2,
deterioration 1, low mp 2, poison resistance, weak 1, subdued magic 1
0: Orb of Zot
}: 3/15 runes: barnacled, abyssal, gossamer
a: Berserk, Trog's Hand, Brothers in Arms, Renounce Religion, Evoke Blink, Evoke
Flight


You were on level 5 of the Realm of Zot.
You worshipped Trog.
Trog was extremely pleased with you.
You were not hungry.

You visited 9 branches of the dungeon, and saw 46 of its levels.
You visited the Abyss 3 times.
You also visited: Trove, Bailey, Ice Cave and Volcano.

You collected 6442 gold pieces.
You spent 3070 gold pieces at shops.

Inventory:

Hand Weapons
 d - a +9 antimagic broad axe (weapon)
 S - a +3 executioner's axe of flaming
Armour
 A - a +2 cloak (worn)
 E - a +5 large shield of reflection (worn)
 M - +7 gold dragon scales (worn)
 Z - a +2 pair of gloves (worn)
Jewellery
 l - the ring of Garudi {rF- rN+ Str+4 Int+4 Slay+4}
   (You bought it in a shop on level 12 of the Dungeon)

   [ring of intelligence]

   It affects your strength (+4).
   It affects your intelligence (+4).
   It affects your accuracy and damage with ranged weapons and melee attacks
   (+4).
   It makes you vulnerable to fire.
   It protects you from negative energy.
 y - the ring of the Frog (right hand) {rCorr +Blink rF+ MP+9 Str+3}
   (You found it in a treasure trove)

   [ring of resist corrosion]

   It affects your strength (+3).
   It protects you from fire.
   It affects your magic capacity (+9).
   It lets you blink.
 K - the ring "Aneitied" (left hand) {+Fly MR+ Dex+3 Stlth+}
   (You found it in a treasure trove)

   [ring of flight]

   It affects your dexterity (+3).
   It affects your resistance to hostile enchantments.
   It lets you fly.
   It makes you more stealthy.
 T - the amulet of Xom's Capriciousness (around neck) {RegenMP rF+ Int-2 Slay+4}
   (You found it in a treasure trove)

   [amulet of magic regeneration]

   It increases your magic regeneration.
   It affects your intelligence (-2).
   It affects your accuracy and damage with ranged weapons and melee attacks
   (+4).
   It protects you from fire.
 U - an uncursed ring of ice
Wands
 a - a wand of iceblast (21)
 m - a wand of polymorph (13)
 v - a wand of scattershot (7)
 z - a wand of paralysis (6)
 F - a wand of flame (93)
 G - a wand of enslavement (4)
 H - a wand of acid (50)
 N - a wand of digging (21)
 P - a wand of disintegration (37)
Scrolls
 c - 10 scrolls of identify
 e - 2 scrolls of holy word
 g - 5 scrolls of magic mapping
 i - 22 scrolls of remove curse
 k - a scroll of blinking
 n - 2 scrolls of acquirement
 o - 2 scrolls of summoning
 q - 2 scrolls of noise
 u - 11 scrolls of teleportation
 x - 6 scrolls of immolation
 B - 6 scrolls of fog
 D - a scroll of enchant weapon
 X - a scroll of fear
Potions
 b - 3 potions of mutation
 h - 3 potions of flight
 j - 8 potions of curing
 p - 6 potions of magic
 s - 6 potions of cancellation
 t - a potion of heal wounds
 w - 4 potions of agility
 C - 7 potions of lignification
 I - 2 potions of invisibility
 J - 7 potions of might
 L - 8 potions of brilliance
 R - 4 potions of ambrosia
 W - 3 potions of berserk rage
 Y - a potion of resistance
Miscellaneous
 V - a phial of floods (inert)
Comestibles
 r - 9 rations


   Skills:
 * Level 25.4 Fighting
 - Level 25.3 Axes
 + Level 23.6 Armour
 + Level 20.7 Dodging
 + Level 20.8 Shields
 - Level 14.6 Evocations


You had 25 spell levels left.
You didn't know any spells.
Your spell library was empty.

Dungeon Overview and Level Annotations

Branches:
Dungeon (15/15)            Temple (1/1) D:4            Lair (6/6) D:9
 Shoals (4/4) Lair:3       Spider (4/4) Lair:4        Slime (0/5) Lair:6
    Orc (2/2) D:12            Elf (0/3) Orc:2        Vaults (4/5) D:13
  Crypt (0/3) Vaults:3     Depths (5/5) D:15            Zot (5/5) Depths:5

Altars:
Ashenzari
Cheibriados
Dithmenos
Elyvilon
Fedhas
Gozag
Hepliaklqana
Kikubaaqudgha
Makhleb
Nemelex Xobeh
Okawaru
Qazlal
Ru
Sif Muna
Trog
Uskayaw
Vehumet
Wu Jian
Xom
Yredelemnul
Zin
The Shining One

Shops:
D:5 ?   D:7 *   D:12 =   D:13 =*   Orc:2 :!:=(   Shoals:4 }   Depths:1 :

Portals:
Hell: Depths:1 Depths:2 Depths:3 Depths:5
Abyss: Depths:1 Depths:2 Depths:5
Pandemonium: Depths:3
Ziggurat: Depths:5

Annotations:
Lair:1 exclusion: oklob plant
Lair:6 exclusion: 5 oklob plants
Depths:1 3 runed doors, Cufos's ghost, veteran GrFi
Depths:3 3 runed doors
Zot:2 3 runed doors, Siennil's ghost, legendary MfGl


Innate Abilities, Weirdness & Mutations

You reflexively headbutt those who attack you in melee.
You have a pair of horns on your head.
You are partially covered in large bone plates. (SH +4)
Your mind is acute. (Int +2)
You are very clumsy. (Dex -4)
Your body sometimes deteriorates upon taking damage.
Your magical capacity is very low. (-20% MP)
Your system is resistant to poisons. (rPois)
You are weak. (Str -2)
Your spells are a little easier to cast, but a little less powerful.


Message History

Are you sure you want to stumble around while confused and next to your water You feel sick.
Your ogre closely misses the quicksilver dragon.
The quicksilver dragon bites you but does no damage.
The quicksilver dragon claws you but does no damage.
The sun demon hits you but does no damage.
The green death hits you but does no damage.
The water elemental barely misses you. The balrug gestures at you.
The bolt of fire hits you! You resist.
* * * LOW HITPOINT WARNING * * *
The quicksilver dragon closely misses you.
The quicksilver dragon claws you but does no damage.
Your ogre closely misses the quicksilver dragon.
The water elemental closely misses you.
The green death hits you but does no damage.
The sun demon hits you but does no damage.
The balrug gestures at you. Something smites you!
You die...

.......▓▓.^§....................▓
......▓▓▓.§...f............^.....
▓▓▓▓▓▓▓ #....ff..................
##...4.....4....^.^.....▓
##▓.....4z.2...f......▓▓
▓▓▓▓f..4.2..f......▓▓
#▓▓▓▓▓▓▓▓#▓▓##§§f.:▓▓
###(.()EE§≈....f..f...##
##....##§@3≈.y.^f.......##
########...###f2D2y^.=....2.....#
..........###...OD32......^......
..^......## #............^.^.....
.....^...# #..4......^..§..^.^..
........## #....4.^.........^...
........# #........^.^.....^...
........## #....................
.........# ##^.......§.:^......#


You could see a golden dragon, a quicksilver dragon, a balrug, a green death, a
sun demon, a shadow demon, 2 moths of wrath, 3 wandering mushrooms, a water
elemental, a sixfirhy, 2 red devils, a friendly water elemental and a friendly
ogre (berserk).

Vanquished Creatures
  3 orbs of fire
  3 ancient liches
  2 curse toes (Zot:3)
  A Killer Klown (Zot:5)
  Nikola (Spider:2)
  7 bone dragons
  10 golden dragons
  4 electric golems
  Jorgrun (Spider:3)
  16 tentacled monstrosities
  A Hell Sentinel (Abyss:1)
  23 Orb Guardians
  6 liches
  6 quicksilver dragons
  A titan (Depths:5)
  9 death cobs
  6 sphinxes
  Frances (D:13)
  Kirke (Spider:3)
  22 tentacled starspawn
  6 shadow dragons
  A daeva (Abyss:1)
  Ilsuiw (Shoals:4)
  10 storm dragons
  3 tengu reavers
  3 fire giants
  Louise (Spider:2)
  4 draconian scorchers
  8 ghost moths
  5 frost giants
  3 draconian monks
  2 balrugs (Abyss:3)
  4 cacodemons
  2 draconian knights
  An orc warlord (Orc:1)
  14 vault wardens
  6 emperor scorpions
  9 ironheart preservers
  15 very ugly things
  3 draconian shifters
  2 draconian annihilators
  A draconian stormcaller (Zot:4)
  3 spriggan defenders
  8 entropy weavers
  16 stone giants
  13 green draconians
  2 deep elf demonologists
  5 black draconians
  5 white draconians
  Azrael (Orc:2)
  8 red draconians
  13 purple draconians
  2 vampire knights
  3 lorocyprocas
  6 yellow draconians
  2 spark wasps
  2 blizzard demons (Abyss:3)
  Snorg (Orc:2)
  2 merfolk javelineers
  3 eidola
  12 ettins
  A deep elf death mage (Vaults:3)
  3 green deaths
  10 fire dragons
  Josephine (Lair:6)
  A crystal guardian (Vaults:2)
  A quicksilver dragon skeleton (Abyss:3)
  10 yaktaur captains
  7 ogre magi
  9 merfolk impalers
  4 rakshasas
  10 great orbs of eyes
  An ice dragon (shapeshifter) (Depths:3)
  A juggernaut simulacrum (Depths:3)
  A catoblepas (Lair:6)
  Erolcha (Orc:2)
  16 vault guards
  5 hydras
  9 centaur warriors
  5 merfolk aquamancers
  3 spriggan air magi
  4 death knights
  4 merfolk avatars
  38 two-headed ogres
  The ghost of temitten the Gouger, a journeyman FeBe of Trog (Lair:6)
  4 alligator snapping turtles (Shoals:4)
  7 ice dragons
  A satyr (Shoals:3)
  9 death yaks
  7 tengu warriors
  21 thrashing horrors
  2 deep troll shamans
  9 deep troll earth magi
  2 vampire magi
  4 hell hogs
  Urug (Lair:2)
  3 spriggan berserkers
  4 orc high priests
  5 deep elf knights
  4 sun demons
  6 spriggans
  3 iron trolls
  6 sixfirhies
  21 deep trolls
  5 unseen horrors
  8 hell knights (Depths:1)
  17 wretched stars
  6 spatial maelstroms (Abyss:3)
  12 sea snakes
  A spark wasp zombie (Depths:3)
  7 flayed ghosts
  5 glowing orange brains
  10 skeletal warriors
  An anaconda skeleton (Volcano)
  2 wizards
  A shadow demon (Abyss:3)
  A lindwurm (Lair:6)
  A kraken simulacrum (Shoals:4)
  4 deep elf archers
  2 tengu zombies
  9 ironbrand convokers
  A phantasmal warrior (Vaults:4)
  An iron dragon zombie (Abyss:3)
  11 harpies
  6 necromancers
  12 orb spiders
  13 deep elf magi
  A sphinx zombie (Depths:3)
  10 orc knights
  15 manticores
  A shadow dragon skeleton (Abyss:3)
  44 ugly things
  A sphinx skeleton (Depths:3)
  A faun (Shoals:2)
  6 orc sorcerers
  41 wolf spiders
  8 cyclopes
  2 frost giant zombies
  A fire giant zombie (Depths:2)
  A cyclops (shapeshifter) (Depths:4)
  27 moths of wrath
  2 ice statues
  10 merfolk sirens
  A moth of wrath (shapeshifter) (Vaults:4)
  7 worldbinders
  Maurice (D:8)
  12 apocalypse crabs
  A guardian serpent (Abyss:3)
  A frost giant skeleton (D:15)
  13 smoke demons
  A guardian serpent (shapeshifter) (D:12)
  8 vault sentinels
  2 molten gargoyles (Depths:4)
  Psyche (D:9)
  6 gargoyles
  A black mamba (Lair:2)
  5 water nymphs
  A catoblepas zombie (Abyss:2)
  A human zombie (Vaults:3)
  6 orange demons
  A hellion (Abyss:1)
  9 spiny frogs
  A rime drake (shapeshifter) (Abyss:3)
  3 rime drakes
  15 freezing wraiths
  6 komodo dragons
  2 kobold demonologists
  4 efreet
  2 spark wasp simulacra
  17 demonic crawlers
  A tormentor (Abyss:3)
  52 yaktaurs
  2 hellwings
  29 merfolk
  A golden dragon simulacrum (IceCv)
  2 anaconda simulacra (IceCv)
  6 ice devils
  2 tengu conjurers
  A red devil (Abyss:3)
  12 trolls
  A silent spectre (Abyss:4)
  A wind drake (shapeshifter) (Abyss:3)
  Grinder (D:4)
  5 wind drakes
  20 hornets
  18 ancient zymes
  29 jumping spiders
  26 raiju
  40 slime creatures
  19 blink frogs
  A sphinx simulacrum (Vaults:3)
  A fire dragon zombie (Abyss:3)
  A deep troll zombie (D:15)
  7 snapping turtles
  3 dream sheep (Shoals:2)
  13 hippogriffs
  74 redbacks
  2 air elementals
  2 flying skulls (Volcano)
  A shadow (D:11)
  A spriggan zombie (Depths:2)
  26 tarantellas
  8 wraiths
  53 yaks
  A fire dragon skeleton (D:15)
  A shapeshifter (D:12)
  A tarantella (shapeshifter) (Vaults:3)
  A yak (shapeshifter) (Vaults:2)
  A vampire (D:12)
  4 alligator skeletons (Volcano)
  5 wyverns
  15 water elementals
  7 hogs
  6 fire bats
  5 ynoxinuls
  2 redbacks (shapeshifter)
  3 basilisks
  A death yak simulacrum (IceCv)
  39 large abominations
  Eustachio (D:4)
  3 dire elephant simulacra (IceCv)
  7 golden eyes
  8 fire elementals
  A human (D:9)
  5 hungry ghosts
  6 neqoxecs
  9 chaos spawn
  5 vampire mosquitoes
  12 spatial vortices (Abyss:3)
  2 wargs
  A swamp worm (shapeshifter) (Depths:4)
  4 harpy simulacra (IceCv)
  Edmund (D:4)
  2 soldier ants
  An iron troll simulacrum (IceCv)
  6 hydra simulacra (IceCv)
  An acid dragon (D:11)
  19 water moccasins
  15 hell hounds
  A floating eye (shapeshifter) (Depths:4)
  A human skeleton (Depths:2)
  9 porcupines
  8 ice beasts
  A black bear (D:13)
  38 orc warriors
  9 sky beasts
  2 eyes of draining
  A boggart (shapeshifter) (D:9)
  A fire dragon simulacrum (Abyss:1)
  A phantom (D:12)
  15 centaurs
  2 necrophages
  25 ogres
  14 boggarts
  3 ettin simulacra
  12 crocodiles
  A snapping turtle skeleton (Abyss:3)
  Blork the orc (D:5)
  3 big kobolds
  24 bullfrogs
  3 wyvern zombies
  27 small abominations
  2 wyvern skeletons
  A water moccasin zombie (D:12)
  4 earth elementals (Depths:4)
  2 scorpions
  An elf simulacrum (Vaults:3)
  8 killer bees
  2 spriggan skeletons
  11 wights
  3 troll skeletons (Volcano)
  4 howler monkeys
  3 electric eels
  2 lava snakes (D:12)
  4 draconian simulacra (IceCv)
  45 starcursed masses
  3 centaur zombies
  4 crimson imps
  2 human simulacra
  2 quasits
  3 hounds
  7 jellies
  2 bullfrog zombies
  2 bullfrog skeletons
  26 orc priests
  7 centaur skeletons
  27 orc wizards
  4 iron imps
  4 iguanas
  Ijyb (D:4)
  3 spriggan simulacra
  15 worker ants
  A killer bee zombie (D:5)
  2 polar bear simulacra (IceCv)
  3 troll simulacra (IceCv)
  A wolf simulacrum (IceCv)
  A bullfrog simulacrum (D:12)
  5 centaur simulacra
  A hound zombie (D:5)
  2 naga skeletons (Volcano)
  2 hound skeletons
  A worker ant zombie (D:7)
  18 gnolls
  12 adders
  3 naga simulacra (IceCv)
  5 shadow imps
  11 white imps
  9 ufetubi
  2 oozes
  An adder skeleton (D:4)
  A dart slug (D:3)
  5 leopard geckos
  117 orcs
  A ball python (D:6)
  2 giant cockroaches (D:4)
  7 hobgoblins
  3 jackals
  6 quokkas
  5 bats
  4 frilled lizards
  5 goblins
  A jackal skeleton (D:8)
  23 kobolds
  A quokka skeleton (D:8)
  6 rats
  3 fire vortices (D:12)
  6 fungi
  2 lurking horrors
  15 plants
  20 starspawn tentacles
2416 creatures vanquished.

Vanquished Creatures (collateral kills)
  Rupert (Lair:6)
  Asterion (Spider:4)
  A sphinx (D:12)
  2 tentacled starspawn (Abyss:3)
  A tengu reaver (Vaults:3)
  A curse skull (Vaults:3)
  2 blizzard demons (IceCv)
  A merfolk javelineer (Shoals:4)
  A rakshasa (Abyss:3)
  A yaktaur captain (Depths:3)
  A vault guard (Vaults:4)
  A hydra (D:12)
  A hell hog (Abyss:3)
  A sea snake (Shoals:4)
  4 spatial maelstroms (Abyss:3)
  An ironbrand convoker (Vaults:4)
  An orc knight (Vaults:2)
  A deep elf mage (Vaults:4)
  A manticore (Shoals:4)
  2 worldbinders (Abyss:3)
  A vault sentinel (Vaults:2)
  A kobold demonologist (Abyss:3)
  2 yaktaurs
  A tormentor (Abyss:3)
  An ice devil (IceCv)
  3 merfolk (Shoals:4)
  A hippogriff (D:12)
  2 large abominations (Abyss:3)
  A tarantella (Spider:4)
  11 spatial vortices (Abyss:3)
  A chaos spawn (Abyss:3)
  An insubstantial wisp (Abyss:3)
  An orc warrior (Orc:2)
  An eye of draining (Abyss:3)
  5 small abominations (Abyss:3)
  A bullfrog (D:12)
  A wight (D:8)
  7 starcursed masses
  2 quasits (Abyss:3)
  2 orcs
  A starspawn tentacle (Abyss:3)
73 creatures vanquished.

Vanquished Creatures (others)
  A vault warden (Vaults:4)
  An emperor scorpion (Spider:4)
  3 stone giants
  3 merfolk javelineers (Shoals:4)
  An ogre mage (Vaults:1)
  A two-headed ogre (Vaults:1)
  2 centaur warriors
  A merfolk aquamancer (Shoals:4)
  A hell hog (Abyss:2)
  A deep elf knight (Vaults:3)
  2 unseen horrors
  A skeletal warrior (Vaults:1)
  2 large abominations
  2 deep elf archers (Vaults:2)
  A deep elf mage (Vaults:2)
  2 ugly things (Vaults:1)
  A smoke demon (Abyss:3)
  10 yaktaurs
  A merfolk (Shoals:4)
  3 blink frogs (Lair:6)
  A flying skull (Volcano)
  A fire dragon simulacrum (Abyss:3)
  A boggart (Vaults:3)
  A centaur (Vaults:1)
  An ufetubus (Abyss:3)
  A ball lightning (Depths:4)
  5 fungi (Lair:6)
  2 lurking horrors
  2 plants (Lair:6)
  97 starspawn tentacles
  8 tentacles (Shoals:4)
160 creatures vanquished.

Grand Total: 2649 creatures vanquished

Notes
Turn   | Place    | Note
-------+----------+-------------------------------------------
     0 | D:1      | kukumber123 the Minotaur Berserker began the quest for the
                  | Orb.
     0 | D:1      | Reached XP level 1. HP: 19/19 MP: 0/0
    67 | D:1      | Reached XP level 2. HP: 21/27 MP: 1/1
   857 | D:2      | You fall through a shaft!
   890 | D:2      | Reached XP level 3. HP: 33/33 MP: 2/2
  1082 | D:2      | Reached XP level 4. HP: 40/40 MP: 3/3
  1085 | D:2      | Reached ** piety under Trog
  1438 | D:2      | Found a deep blue altar of Sif Muna.
  2070 | D:3      | Reached skill level 5 in Axes
  2330 | D:4      | Noticed Eustachio
  2330 | D:4      | Noticed an ogre
  2330 | D:4      | Noticed an ogre
  2336 | D:3      | Killed an ogre
  2336 | D:3      | Reached XP level 5. HP: 47/47 MP: 4/4
  2337 | D:3      | Killed an ogre
  2337 | D:3      | Reached XP level 6. HP: 55/55 MP: 5/5
  2392 | D:4      | Killed Eustachio
  2392 | D:4      | Reached skill level 5 in Fighting
  2435 | D:4      | Noticed Grinder
  2458 | D:4      | Killed Grinder
  2458 | D:4      | Reached XP level 7. HP: 61/61 MP: 6/6
  2571 | D:4      | Reached skill level 5 in Armour
  3090 | D:4      | Found a staircase to the Ecumenical Temple.
  3094 | Temple   | Entered the Ecumenical Temple
  3361 | D:4      | Noticed Edmund
  3388 | D:4      | Killed Edmund
  3491 | D:4      | Reached skill level 1 in Shields
  3642 | D:5      | Entered Level 5 of the Dungeon
  3642 | D:5      | Found Raar's Magic Scroll Emporium.
  3642 | D:5      | Noticed Ijyb
  3642 | D:5      | Noticed a hippogriff
  3649 | D:4      | Killed Ijyb
  3649 | D:4      | Reached skill level 5 in Dodging
  3649 | D:4      | Reached XP level 8. HP: 70/70 MP: 7/7
  3704 | D:4      | Killed a hippogriff
  3869 | D:5      | Bought a scroll of magic mapping for 52 gold pieces
  3869 | D:5      | Bought a scroll of teleportation for 45 gold pieces
  3936 | D:5      | Reached *** piety under Trog
  4161 | D:5      | Noticed Blork the orc
  4177 | D:5      | Killed Blork the orc
  4274 | D:5      | Found Nilit's Food Shop.
  4392 | D:5      | Upgraded the game from 0.23-a0-629-gae4348f6cf to
                  | 0.23-a0-635-g88ca12a7de
  4447 | D:6      | Reached XP level 9. HP: 79/79 MP: 8/8
  5014 | D:6      | Found a sparkling altar of Nemelex Xobeh.
  5103 | D:6      | Found Rewomats's Food Boutique.
  5366 | D:6      | Reached **** piety under Trog
  5606 | D:7      | Reached skill level 10 in Axes
  6230 | D:7      | Reached skill level 5 in Shields
  6511 | D:7      | Found Redoist's General Store.
  6814 | D:8      | Noticed Maurice
  6841 | D:8      | Killed Maurice
  6841 | D:8      | Reached XP level 10. HP: 88/88 MP: 9/9
  7314 | D:9      | Found a staircase to the Lair.
  7314 | D:9      | Noticed a death yak
  7314 | D:9      | Noticed a death yak
  7317 | D:9      | Noticed a death yak
  7324 | D:8      | Killed a death yak
  7379 | D:8      | Killed a death yak
  7380 | D:8      | Killed a death yak
  7543 | D:9      | Noticed Psyche
  7853 | D:9      | Noticed a deep elf mage
  7883 | D:9      | Killed Psyche
  8127 | D:9      | Killed a deep elf mage
  8294 | D:9      | Noticed a cyclops
  8325 | D:9      | Killed a cyclops
  8615 | D:9      | Reached XP level 11. HP: 97/97 MP: 10/10
  8737 | D:9      | Noticed a tengu warrior
  8771 | D:9      | Killed a tengu warrior
  8845 | D:9      | Noticed a yaktaur captain
  8845 | D:9      | Noticed a yaktaur captain
  9084 | D:9      | Killed a yaktaur captain
  9530 | D:9      | Noticed a wolf spider
  9538 | D:9      | Killed a wolf spider
  9569 | D:9      | Got a translucent copper ring
  9604 | D:9      | Identified the ring "Leqotuug" {rN+ Int+2 Stlth-} (You
                  | found it on level 9 of the Dungeon)
  9642 | D:9      | Killed a yaktaur captain
  9728 | D:10     | Entered Level 10 of the Dungeon
 10327 | D:10     | Found a shimmering altar of Xom.
 10330 | D:10     | Found the +7 mace of Variability {chain chaos}
 10586 | D:10     | Reached skill level 10 in Fighting
 11197 | D:11     | Noticed a two-headed ogre
 11207 | D:10     | Killed a two-headed ogre
 11282 | D:11     | Noticed a red ugly thing
 11320 | D:11     | Killed a red ugly thing
 11378 | D:11     | Noticed a two-headed ogre
 11397 | D:10     | Killed a two-headed ogre
 11397 | D:10     | Reached skill level 10 in Armour
 11500 | D:11     | Reached XP level 12. HP: 106/107 MP: 11/11
 13149 | D:12     | Reached ***** piety under Trog
 13173 | D:12     | Noticed a five-headed hydra
 13219 | D:12     | Found a staircase to the Orcish Mines.
 13270 | D:12     | You fall through a shaft!
 13370 | D:13     | Noticed a tengu warrior
 13375 | D:13     | Found Plog's Jewellery Emporium.
 13414 | D:13     | Received a gift from Trog
 13793 | D:12     | Found Jatz's Jewellery Emporium.
 13826 | D:12     | Bought the ring of Garudi {rF- rN+ Str+4 Int+4 Slay+4} for
                  | 789 gold pieces
 13858 | D:12     | Reached skill level 10 in Dodging
 14249 | D:12     | Reached skill level 15 in Axes
 14260 | D:12     | Noticed a centaur warrior
 14406 | D:12     | Killed a centaur warrior
 14517 | D:12     | Noticed a two-headed ogre
 14526 | D:12     | Killed a two-headed ogre
 14526 | D:12     | Reached skill level 10 in Shields
 14526 | D:12     | Reached XP level 13. HP: 116/116 MP: 4/12
 14531 | D:12     | Noticed a sphinx
 14535 | D:12     | Killed a sphinx
 15000 | D:12     | You fall through a shaft for 2 floors!
 15607 | Lair:1   | Entered Level 1 of the Lair of Beasts
 16772 | Lair:2   | Upgraded the game from 0.23-a0-635-g88ca12a7de to
                  | 0.23-a0-636-g0ff605794f
 16793 | Lair:2   | Noticed Urug
 16805 | Lair:2   | Killed Urug
 16882 | Lair:2   | Found a dark tunnel.
 16937 | Volcano  | Entered a volcano
 17020 | Volcano  | Received a gift from Trog
 18230 | Lair:3   | Reached XP level 14. HP: 124/127 MP: 4/13
 19729 | Lair:3   | Found a staircase to the Shoals.
 20193 | Lair:4   | Found a hole to the Spider Nest.
 20578 | Lair:4   | Received a gift from Trog
 20588 | Lair:4   | Got a pitted hand axe {god gift}
 21642 | Lair:5   | You fall through a shaft!
 21642 | Lair:6   | Entered Level 6 of the Lair of Beasts
 22310 | Lair:6   | Noticed Josephine
 22323 | Lair:6   | Killed Josephine
 22459 | Lair:6   | Found a runed door.
 22459 | Lair:6   | Noticed temitten's ghost (journeyman FeBe)
 22713 | Lair:6   | Killed temitten's ghost
 23300 | Lair:6   | Found a staircase to the Slime Pits.
 23461 | Lair:6   | Noticed Rupert
 23554 | Lair:6   | Paralysed by Rupert for 6 turns
 23668 | Lair:6   | Killed Rupert
 24141 | D:13     | Found Zocelepsairi's Island Escapes.
 24365 | D:13     | Reached XP level 15. HP: 121/136 MP: 4/14
 24450 | D:13     | Found a gate to the Vaults.
 24572 | D:13     | Bought an uncursed ring of protection from magic for 425
                  | gold pieces
 24667 | D:13     | Found a portal to a secret trove of treasure.
 24687 | Trove    | Entered a treasure trove
 24690 | Trove    | Got a shimmering pewter ring
 24693 | Trove    | Identified the ring of Dyeroele {*Slow rN+ Str+5 Int+3}
                  | (You found it in a treasure trove)
 24696 | Trove    | Got a scintillating granite ring
 24699 | Trove    | Identified the ring of the Frog {rCorr +Blink rF+ MP+9
                  | Str+3} (You found it in a treasure trove)
 24702 | Trove    | Got a steaming iron ring
 24705 | Trove    | Identified the ring "Dampae" {Fire *Drain +Blink Dex+6}
                  | (You found it in a treasure trove)
 24709 | Trove    | Got a coiled marble ring
 24711 | Trove    | Identified the ring "Aneitied" {+Fly MR+ Dex+3 Stlth+} (You
                  | found it in a treasure trove)
 24736 | Trove    | Got a heavily runed copper amulet
 24738 | Trove    | Identified the amulet "Weaxki" {+Blink +Rage} (You found it
                  | in a treasure trove)
 24747 | Trove    | Got a warped copper amulet
 24748 | Trove    | Identified the amulet of Xom's Capriciousness {RegenMP rF+
                  | Int-2 Slay+4} (You found it in a treasure trove)
 24753 | Trove    | Got a slimy lead amulet
 24755 | Trove    | Identified the amulet of Igrur {RegenMP rC- rN+ Stlth+}
                  | (You found it in a treasure trove)
 24759 | Trove    | Got a heavily runed brass ring
 24760 | Trove    | Identified the ring "Kujobras" {rCorr rF- Str+7 Int+4} (You
                  | found it in a treasure trove)
 24771 | Trove    | Got a warped platinum amulet
 24772 | Trove    | Identified the amulet "Ucepp" {RegenMP rElec rC+} (You
                  | found it in a treasure trove)
 24774 | Trove    | Got a fine jade ring
 24777 | Trove    | Identified the ring "Jeetic" {MP+9 Dex+5} (You found it in
                  | a treasure trove)
 25104 | D:13     | Bought a wand of digging (6) for 220 gold pieces
 25283 | D:14     | Noticed Frances
 25319 | D:13     | Killed Frances
 25319 | D:13     | Reached skill level 15 in Armour
 25471 | D:14     | Reached * piety under Trog
 26350 | D:15     | Entered Level 15 of the Dungeon
 26746 | D:15     | Found a staircase to the Depths.
 27500 | Orc:1    | Entered Level 1 of the Orcish Mines
 27531 | Orc:1    | Found a flagged portal.
 27541 | Bailey   | Entered a bailey
 28580 | Orc:2    | Entered Level 2 of the Orcish Mines
 28760 | Orc:2    | Found a staircase to the Elven Halls.
 28932 | Orc:2    | Reached skill level 1 in Evocations
 29140 | Orc:2    | Noticed Azrael
 29154 | Orc:2    | Killed Azrael
 29561 | Orc:2    | Noticed an orc warlord
 29613 | Orc:1    | Killed an orc warlord
 29724 | Orc:2    | Noticed Snorg
 29736 | Orc:2    | Noticed Erolcha
 29756 | Orc:2    | Killed Erolcha
 29842 | Orc:2    | Killed Snorg
 29943 | Orc:2    | Found Cuphuv's Weapon Shop.
 30531 | Orc:2    | Found Aghig's Book Boutique.
 30531 | Orc:2    | Found Vyplaum's Jewellery Emporium.
 30533 | Orc:2    | Found Lirpheyga's Distillery.
 30533 | Orc:2    | Found Pyunk's Book Emporium.
 30547 | Orc:2    | Bought a potion of curing for 48 gold pieces
 30547 | Orc:2    | Bought a potion of haste for 160 gold pieces
 30868 | Spider:1 | Entered Level 1 of the Spider Nest
 30872 | Spider:1 | Reached XP level 16. HP: 147/147 MP: 5/16
 31526 | Spider:1 | Received a gift from Trog
 32655 | Spider:2 | Noticed Nikola
 33210 | Spider:2 | Killed Nikola
 33514 | Spider:2 | Noticed Louise
 33527 | Spider:2 | Killed Louise
 34315 | Spider:3 | Noticed Kirke
 34330 | Spider:3 | Killed Kirke
 34353 | Spider:3 | Found a frozen archway.
 34372 | IceCv    | Entered an ice cave
 35491 | IceCv    | Got a smelly leather armour
 35750 | Spider:3 | Received a gift from Trog
 36299 | Spider:3 | Reached skill level 15 in Shields
 36394 | Spider:3 | Reached skill level 15 in Fighting
 36592 | Spider:3 | Noticed Jorgrun
 36596 | Spider:3 | Killed Jorgrun
 36845 | Spider:4 | Entered Level 4 of the Spider Nest
 36854 | Spider:4 | Reached XP level 17. HP: 154/156 MP: 1/19
 37291 | Spider:4 | Reached skill level 5 in Evocations
 37870 | Spider:4 | Received a gift from Trog
 38694 | Spider:4 | Got a gossamer rune of Zot
 39030 | Spider:4 | Noticed Asterion
 39047 | Spider:4 | Killed Asterion
 39793 | Vaults:1 | Entered Level 1 of the Vaults
 40930 | Vaults:1 | Reached XP level 18. HP: 166/166 MP: 22/22
 41464 | Vaults:2 | Reached skill level 15 in Dodging
 41476 | Vaults:2 | Received a gift from Trog
 42444 | Vaults:2 | Reached ****** piety under Trog
 42444 | Vaults:2 | Received a gift from Trog
 44578 | Vaults:3 | Received a gift from Trog
 44619 | Vaults:3 | Found a staircase to the Crypt.
 44722 | Vaults:3 | Reached XP level 19. HP: 174/174 MP: 8/24
 45716 | Vaults:3 | Received a gift from Trog
 45849 | Vaults:3 | Identified the +9 long sword of Sunlight {freeze, Str+8
                  | Int+3 Stlth-}
 46605 | Vaults:4 | Received a gift from Trog
 46998 | Vaults:4 | Cast into level 3 of the Abyss (vault guard)
 47272 | Vaults:4 | Escaped the Abyss
 47634 | Vaults:4 | Reached XP level 20. HP: 174/187 MP: 8/26
 48730 | Depths:1 | Entered Level 1 of the Depths
 48733 | Depths:1 | Upgraded the game from 0.23-a0-636-g0ff605794f to
                  | 0.23-a0-639-ga9a3373214
 49075 | Depths:1 | Found Xiecerus's Book Shop.
 49370 | Shoals:1 | Entered Level 1 of the Shoals
 50539 | Shoals:2 | Received a gift from Trog
 51242 | Shoals:3 | Reached skill level 10 in Evocations
 51776 | Shoals:4 | Entered Level 4 of the Shoals
 52027 | Shoals:4 | Found Deep's Gadget Shop.
 52408 | Shoals:4 | Noticed Ilsuiw
 52720 | Shoals:4 | Received a gift from Trog
 52997 | Shoals:4 | Killed Ilsuiw
 53074 | Shoals:4 | Got a barnacled rune of Zot
 55080 | Depths:1 | Found a one-way gate to the infinite horrors of the Abyss.
 55435 | Depths:1 | Reached XP level 21. HP: 195/195 MP: 9/27
 55558 | Depths:1 | Found a gateway to Hell.
 55641 | Depths:1 | Received a gift from Trog
 55714 | Depths:1 | Found a runed gate.
 55714 | Depths:1 | Found a runed gate.
 55714 | Depths:1 | Found a runed gate.
 55716 | Depths:1 | Noticed Cufos's ghost (veteran GrFi)
 57173 | Depths:2 | Paralysed by you for 3 turns
 57198 | Depths:2 | Received a gift from Trog
 57223 | Depths:2 | Got a crystal war axe
 57224 | Depths:2 | Identified the +0 war axe "Bifaoqarez" {venom, Int+3} (You
                  | found it on level 2 of the Depths)
 58468 | Depths:3 | Found a one-way gate leading to the halls of Pandemonium.
 58764 | Depths:3 | Found a runed gate.
 58764 | Depths:3 | Found a runed gate.
 58764 | Depths:3 | Found a runed gate.
 59181 | Depths:3 | Received a gift from Trog
 59339 | Depths:3 | Reached XP level 22. HP: 162/209 MP: 9/29
 59479 | Depths:3 | Identified a scroll of acquirement
 60733 | Depths:5 | Entered Level 5 of the Depths
 60733 | Depths:5 | Noticed a golden dragon
 60964 | Depths:4 | Killed a golden dragon
 62006 | Depths:5 | Noticed a golden dragon
 62011 | Depths:5 | Noticed a golden dragon
 62188 | Depths:5 | Killed a golden dragon
 62653 | Depths:5 | Killed a golden dragon
 62653 | Depths:5 | Received a gift from Trog
 62912 | Depths:5 | Found a gateway to a ziggurat.
 62990 | Depths:5 | Found a gate to the Realm of Zot.
 63478 | D:5      | Bought a ration for 50 gold pieces
 63478 | D:5      | Bought a ration for 50 gold pieces
 63478 | D:5      | Bought a ration for 50 gold pieces
 63478 | D:5      | Bought a ration for 50 gold pieces
 63478 | D:5      | Bought a ration for 50 gold pieces
 63478 | D:5      | Bought a ration for 50 gold pieces
 63478 | D:5      | Bought a ration for 50 gold pieces
 63478 | D:5      | Bought a ration for 50 gold pieces
 63478 | D:5      | Bought a ration for 50 gold pieces
 63478 | D:5      | Bought a ration for 50 gold pieces
 63518 | D:6      | Bought a ration for 55 gold pieces
 63518 | D:6      | Bought a ration for 55 gold pieces
 63518 | D:6      | Bought a ration for 55 gold pieces
 63518 | D:6      | Bought a ration for 55 gold pieces
 63518 | D:6      | Bought a ration for 55 gold pieces
 63518 | D:6      | Bought a ration for 55 gold pieces
 63518 | D:6      | Bought a ration for 55 gold pieces
 63518 | D:6      | Bought a ration for 55 gold pieces
 63518 | D:6      | Bought a ration for 55 gold pieces
 63724 | Depths:1 | Voluntarily entered the Abyss.
 63725 | Abyss:1  | Found a corrupted altar of Lugonu.
 64137 | Abyss:1  | Found a runed gate.
 64137 | Abyss:1  | Found a runed gate.
 64137 | Abyss:1  | Found a runed gate.
 64158 | Abyss:1  | Reached XP level 23. HP: 119/220 MP: 10/31
 64417 | Abyss:2  | Found a corrupted altar of Lugonu.
 64983 | Abyss:3  | Received a gift from Trog
 65336 | Abyss:3  | Gained mutation: Your flesh is cold resistant. (rC+)
                  | [potion of mutation]
 65337 | Abyss:3  | Lost mutation: Your flesh is cold resistant. (rC+) [potion
                  | of mutation]
 65337 | Abyss:3  | Gained mutation: You are occasionally teleported next to
                  | monsters. [potion of mutation]
 65337 | Abyss:3  | Gained mutation: You are agile. (Dex +2) [potion of
                  | mutation]
 65338 | Abyss:3  | Lost mutation: You are agile. (Dex +2) [potion of mutation]
 65338 | Abyss:3  | Lost mutation: You are occasionally teleported next to
                  | monsters. [potion of mutation]
 65338 | Abyss:3  | Gained mutation: You do not regenerate when monsters are
                  | visible. [potion of mutation]
 65338 | Abyss:3  | Gained mutation: Your flesh is heat resistant. (rF+)
                  | [potion of mutation]
 65697 | Abyss:3  | Lost mutation: You do not regenerate when monsters are
                  | visible. [potion of mutation]
 65697 | Abyss:3  | Lost mutation: Your flesh is heat resistant. (rF+) [potion
                  | of mutation]
 65697 | Abyss:3  | Gained mutation: You have a pair of large horns on your
                  | head. [potion of mutation]
 65697 | Abyss:3  | Gained mutation: You are resistant to hostile enchantments.
                  | (MR+) [potion of mutation]
 65697 | Abyss:3  | Gained mutation: You are partially covered in large bone
                  | plates. (SH +4) [potion of mutation]
 65830 | Abyss:3  | Found a corrupted altar of Lugonu.
 66100 | Abyss:3  | Found a burning altar of Makhleb.
 66400 | Abyss:3  | Received a gift from Trog
 66419 | Abyss:3  | Gained mutation: Armour fits poorly on your strangely
                  | shaped body. [a neqoxec]
 66420 | Abyss:3  | Gained mutation: You are frail. (-10% HP) [a neqoxec]
 67092 | Abyss:4  | Paralysed by accursed screaming for 1 turns
 67115 | Depths:1 | Escaped the Abyss
 67847 | Orc:2    | Bought a potion of cancellation for 128 gold pieces
 67847 | Orc:2    | Bought a potion of mutation for 128 gold pieces
 67847 | Orc:2    | Bought a potion of heal wounds for 80 gold pieces
 68076 | Depths:1 | Voluntarily entered the Abyss.
 68090 | Abyss:1  | Received a gift from Trog
 68099 | Abyss:1  | Reached XP level 24. HP: 137/209 MP: 10/31
 68294 | Abyss:1  | Found a corrupted altar of Lugonu.
 69042 | Abyss:3  | Found a corrupted altar of Lugonu.
 69308 | Abyss:3  | Got an abyssal rune of Zot
 69726 | Depths:1 | Escaped the Abyss
 69851 | Depths:1 | Upgraded the game from 0.23-a0-639-ga9a3373214 to
                  | 0.23-a0-641-g0a7f1ce553
 70010 | Zot:1    | Entered Level 1 of the Realm of Zot
 70171 | Zot:1    | Noticed an orb of fire
 70176 | Zot:1    | Gained mutation: You are dopey. (Int -2) [an orb of fire]
 70186 | Zot:1    | Killed an orb of fire
 71560 | Zot:2    | Found a runed gate.
 71561 | Zot:2    | Found a runed gate.
 72064 | Zot:2    | Found a runed gate.
 72347 | Zot:2    | Noticed Siennil's ghost (legendary MfGl)
 72347 | Zot:2    | Noticed an ancient lich
 72572 | Zot:2    | Reached XP level 25. HP: 216/218 MP: 10/32
 73361 | Zot:3    | Received a gift from Trog
 77127 | Zot:5    | Entered Level 5 of the Realm of Zot
 77630 | Zot:5    | Noticed an ancient lich
 77630 | Zot:5    | Noticed an ancient lich
 77653 | Zot:4    | Killed an ancient lich
 77653 | Zot:4    | Reached XP level 26. HP: 200/230 MP: 10/32
 77804 | Zot:4    | Killed an ancient lich
 77813 | Zot:5    | Lost mutation: Armour fits poorly on your strangely shaped
                  | body. [potion of mutation]
 77813 | Zot:5    | Lost mutation: You have a pair of large horns on your head.
                  | [potion of mutation]
 77813 | Zot:5    | Lost mutation: You are frail. (-10% HP) [potion of
                  | mutation]
 77813 | Zot:5    | Gained mutation: Your system is resistant to poisons.
                  | (rPois) [potion of mutation]
 77813 | Zot:5    | Gained mutation: Your spells are a little harder to cast,
                  | but a little more powerful. [potion of mutation]
 77813 | Zot:5    | Gained mutation: You are agile. (Dex +2) [potion of
                  | mutation]
 77814 | Zot:5    | Lost mutation: You are resistant to hostile enchantments.
                  | (MR+) [potion of mutation]
 77814 | Zot:5    | Lost mutation: You are agile. (Dex +2) [potion of mutation]
 77814 | Zot:5    | Lost mutation: You are dopey. (Int -2) [potion of mutation]
 77814 | Zot:5    | Gained mutation: You are weak. (Str -2) [potion of
                  | mutation]
 77814 | Zot:5    | Lost mutation: Your spells are a little harder to cast, but
                  | a little more powerful. [potion of mutation]
 77814 | Zot:5    | Gained mutation: Your mind is acute. (Int +2) [potion of
                  | mutation]
 78452 | Zot:5    | Noticed an orb of fire
 78468 | Zot:5    | Noticed an ancient lich
 78471 | Zot:5    | Gained mutation: You are clumsy. (Dex -2) [an orb of fire]
 78507 | Zot:5    | Gained mutation: Your magical capacity is low. (-10% MP)
                  | [an orb of fire]
 78517 | Zot:5    | Gained mutation: Your spells are a little easier to cast,
                  | but a little less powerful. [an orb of fire]
 78520 | Zot:5    | Gained mutation: Your body sometimes deteriorates upon
                  | taking damage. [an orb of fire]
 78523 | Zot:5    | Gained mutation: Your magical capacity is very low. (-20%
                  | MP) [an orb of fire]
 78798 | Zot:4    | Gained mutation: You are very clumsy. (Dex -4) [an orb of
                  | fire]
 78800 | Zot:4    | Killed an orb of fire
 78916 | Zot:5    | Killed an ancient lich
 79107 | Zot:5    | Upgraded the game from 0.23-a0-641-g0a7f1ce553 to
                  | 0.23-a0-642-g3120c2f5a9
 79184 | Zot:5    | Noticed an orb of fire
 79196 | Zot:5    | Killed an orb of fire
 79501 | Zot:5    | Received a gift from Trog
 79544 | Zot:5    | Got the Orb of Zot
 79568 | Zot:5    | Noticed an ancient lich
 79604 | Zot:5    | HP: 8/259 [wandering mushroom[a shadow demon] (5)]
 79607 | Zot:5    | Killed from afar by a balrug

Vault maps used:
D:1:      eino_arrival_druids_welcome, grunt_decor_cap
D:2:      first_ration, hangedman_decor_points, lemuel_blue_sif_altar
D:3:      serial_glass, glass_columns_a, glass_columns_c, glass_columns_c,
          glass_columns_c, glass_columns_a, glass_columns_c, glass_columns_a,
          glass_columns_a, feat_on_display, feat_on_display
D:4:      temple_hall_moat, columned_hall_lemuel, uniq_grinder, uniq_eustachio,
          uniq_edmund
D:5:      serial_shops, shop, kennysheep_mini_moat, uniq_blork_the_orc,
          uniq_ijyb
D:6:      nemelex_xobeh_ov_fountains_minmay, serial_shops,
          nicolae_shop_statue_plus, minmay_divided_ellipse
D:7:      serial_shops, shop_statue
D:8:      uniq_maurice
D:9:      minmay_sliced_demisemicircle, dpeg_lair_monsters, grunt_livestock,
          uniq_psyche
D:10:     grunt_ministairs_2, minmay_guarded_unrand_variability
D:11:     minmay_misc_feat_tiny
D:12:     minmay_the_grid_square_5x5_5x5, orc_0_dummy, serial_shops,
          nicolae_shop_stone, hangedman_incinerator
D:13:     lightli_vaults_fourway_checkpoint, serial_shops, shop,
          nicolae_trove_entry_columns, chequers_jeans, minivault_5,
          nicolae_island_escapes
D:14:     uniq_frances
D:15:     gammafunk_depths_entry_grave, abandoned_shop
Temple:   kilobyte_greek_temple
Lair:1:   chequers_serial_rivers_room_b, minmay_lair_oklob_bushes,
          minmay_stone_trees_large, lemuel_centaur_altar, serial_bayou_shore_b
Lair:2:   nicolae_volcano_entry_s_turn, mumra_transporter_accident, uniq_urug
Lair:3:   elwin_shoals_entry_rooms, grunt_megastairs_4,
          infiniplex_staircase_pool_2, serial_bayou_shore_b
Lair:4:   spider_nest_entry_a, grunt_megastairs_2, infiniplex_staircase_pool
Lair:5:   serial_bayou_shore_b
Lair:6:   due_jungle_book, dpeg_slime_entry_corner, gammafunk_ghost_grave,
          serial_bayou_pond_c, minmay_lair_oklob_chamber, serial_bayou_shore_b,
          uniq_josephine, uniq_rupert
Shoals:4: shoals_end_grunt_ice, shoal_ilsuiw, serial_shops, shop_fountains
Spider:2: spider_trap, uniq_nikola, uniq_louise
Spider:3: portal_ice_cave_entry_ice_statue_one, spider_trap, uniq_kirke,
          uniq_jorgrun
Spider:4: guppyfry_spider_rune, guppyfry_spider_mini_1, uniq_asterion
Orc:1:    enter_bailey_2
Orc:2:    grunt_orc_tribal_feast, serial_shops, shop, uniq_snorg, uniq_azrael,
          uniq_erolcha
Vaults:1: nicolae_vaults_shelves_hall, v_misc_12, v_misc_8,
          ontoclasm_vaults_ring_square, ontoclasm_vaults_gateway,
          vaults_room_stairs_pillars, v_misc_2, vaults_room_stairs_pillars,
          vaults_dpeg_diagonal, v_misc_8
Vaults:2: ontoclasm_vaults_ring_small, v_misc_33, hangedman_vaults_trim,
          vaults_room_pool, v_rooms_5, nicolae_vaults_rhombus_6,
          nicolae_vaults_display_case, ontoclasm_vaults_eye, vaults_room_fours
Vaults:3: v_misc_28, nicolae_vaults_branching_niches,
          minmay_crypt_entry_simple_box, hangedman_vaults_trim,
          vaults_dpeg_encased_lava, nicolae_vaults_ring_of_whatevers
Vaults:4: nicolae_vaults_puzzle_piece, hangedman_vaults_pinch,
          grunt_vaults_trifunnel, v_alt_pattern_2, v_misc_15,
          hangedman_vaults_nails, v_misc_24, nicolae_vaults_alarming,
          st_lattice, nicolae_vaults_little_squares_3,
          grunt_vaults_hallway_short, nicolae_vaults_little_squares_2,
          vaults_dpeg_cross
Depths:1: nicolae_abyss_entry_one_way_or_another, serial_shops,
          nicolae_shop_statue_plus, minmay_misc_feat_more_columns,
          gammafunk_ghost_tricky_traps, grunt_hell_horde,
          chequers_serial_rivers_micro_a, hangedman_research_probablistics
Depths:2: gammafunk_mikee_crab_dinner, abyss_entry, hell_entry,
          dk_noncrumbling_4, infiniplex_staircase_spiral
Depths:3: nooodl_heptagram, infiniplex_staircase_zigzag_2,
          rand_demon_pan_entry_8, hell_entry, pandoras_box_mu
Depths:4: radiant_caverns_b_rkd, abyss_entry, hell_entry
Depths:5: grunt_x_marks_the_spot, enter_ziggurat_b, hell_entry,
          dk_noncrumbling_3, abyss_entry, chequers_serial_rivers_small_a,
          st_stairs_3
Zot:2:    gammafunk_ghost_necromancy
Zot:3:    st_single_dragon_hoard_4
Zot:4:    kennysheep_ambush_hall, st_stairs_13, grunt_ministairs_7
Zot:5:    skrybe_zot_glass_2
Abyss:2:  hangedman_abyss_or_decor_stabs
Abyss:3:  evilmike_abyss_exit_mutagenic, gammafunk_corrupted_shrine,
          evilmike_abyss_rune_elephants_shrine, evilmike_abyss_exit_13
Abyss:4:  evilmike_nicolae_abyss_rune_betentacled_crabyss,
          evilmike_abyss_exit_glass
Trove:    trove_jewellery_lava
Bailey:   bailey_polearm_1, bailey
IceCv:    ice_cave_caverns_01
Volcano:  volcano_tomb

Skill      XL: |  1  2  3  4  5  6  7  8  9 10 11 12 13 14 15 16 17 18 19 20 21 22 23 24 25 26 |
---------------+-------------------------------------------------------------------------------+-----
Fighting       | 4 5 6 7 8 9 10 11 12 13 14 15 16 17 18 20 21 22 23 24 25 | 25.4
Axes           | 4 5 6 7 9 10 12 13 15 16 17 18 19 20 21 22 23 24 25 | 25.3
Armour         | 3 4 5 6 7 8 10 11 12 14 16 17 18 19 20 21 22 23 | 23.6
Dodging        | 3 4 5 6 7 8 9 10 11 12 13 14 15 16 17 18 19 20 | 20.7
Shields        | 1 3 5 7 8 10 11 12 13 15 16 17 18 19 20 | 20.8
Evocations     | 2 4 6 8 9 10 11 12 13 14 | 14.6

Action                   |  1- 3 |  4- 6 |  7- 9 | 10-12 | 13-15 | 16-18 | 19-21 | 22-24 | 25-27 || total
-------------------------+-------+-------+-------+-------+-------+-------+-------+-------+-------++-------
Melee: Hand axe          |    60 |    43 |       |       |       |       |       |       |       ||   103
       Headbutt          |     2 |     5 |    71 |   137 |   338 |   331 |   612 |   542 |   249 ||  2287
       War axe           |       |    26 |   324 |   483 |       |       |       |       |       ||   833
       Broad axe         |       |       |       |   115 |  1176 |   636 |  1679 |  1484 |   625 ||  5715
       Executioner's axe |       |       |       |       |    14 |   102 |       |       |       ||   116
       Battleaxe         |       |       |       |       |       |   277 |       |       |       ||   277
Invok: Berserk           |     3 |     3 |    13 |    30 |    18 |     9 |     4 |       |     2 ||    82
       Trog's Hand       |       |     1 |     1 |     1 |     6 |    13 |    16 |    23 |     4 ||    65
       Brothers in Arms  |       |       |       |     2 |     5 |     6 |     9 |    13 |     2 ||    37
 Abil: Evoke Flight      |       |       |       |       |     3 |       |     1 |     1 |       ||     5
       Evoke Blink       |       |       |       |       |     2 |       |       |       |       ||     2
Evoke: Wand              |       |       |     3 |     8 |    31 |     6 |     5 |    15 |     4 ||    72
       Sack of spiders   |       |       |       |       |     3 |       |       |       |       ||     3
       Phial of floods   |       |       |       |       |     2 |       |     1 |     1 |     1 ||     5
  Use: Scroll            |       |     3 |     7 |    11 |    19 |    19 |     2 |    24 |     7 ||    92
       Potion            |       |       |     1 |     1 |     1 |     3 |     3 |    33 |    10 ||    52
 Stab: Distracted        |       |       |       |     1 |       |       |     3 |     4 |       ||     8
       Invisible         |       |       |       |       |       |       |     2 |       |    18 ||    20
       Petrifying        |       |       |       |       |       |       |     1 |       |       ||     1
       Paralysed         |       |       |       |       |       |       |     1 |       |       ||     1
  Eat: Chunk             |     2 |     6 |    13 |     7 |    34 |    14 |    26 |     4 |     1 ||   107
       Ration            |       |     1 |     5 |    14 |    12 |    13 |    11 |    16 |     7 ||    79
Armor: Animal skin       |     4 |       |       |       |       |       |       |       |       ||     4
       Ring mail         |    17 |    18 |     8 |       |       |       |       |       |       ||    43
       Plate armour      |       |       |    98 |   195 |   256 |   567 |   372 |    71 |       ||  1559
       Skin              |       |       |    33 |       |       |       |       |       |       ||    33
       Gold dragon scale |       |       |       |       |       |       |       |   260 |   131 ||   391
Dodge: Dodged            |    44 |    47 |    82 |   230 |   229 |   631 |   540 |   409 |   190 ||  2402
Block: Large shield      |       |       |   202 |   531 |   768 |   440 |  1745 |  1628 |   716 ||  6030
       Reflection        |       |       |       |       |     9 |    35 |   138 |    39 |       ||   221

Table legend:
 A = Non-vault XP
 B = Vault XP
 C = Vault XP percentage of total XP
 D = Non-vault monster count
 E = Vault monster count
 F = Vault count percentage of total count
                 A         B        C        D         E       F
            +---------+---------+-------+---------+---------+-------
      Total |  923067 |  509298 |  35.6 |    1780 |     675 |  27.5
            +---------+---------+-------+---------+---------+-------
        D:1 |      34 |       0 |   0.0 |      13 |       0 |   0.0
        D:2 |      98 |       0 |   0.0 |      22 |       0 |   0.0
        D:3 |     290 |       0 |   0.0 |      16 |       0 |   0.0
        D:4 |     763 |     685 |  47.3 |      20 |       4 |  16.7
        D:5 |     702 |      96 |  12.0 |      24 |       1 |   4.0
        D:6 |     439 |     413 |  48.5 |       9 |      10 |  52.6
        D:7 |    1681 |       0 |   0.0 |      35 |       0 |   0.0
        D:8 |     674 |    2627 |  79.6 |      13 |       5 |  27.8
        D:9 |     907 |    6175 |  87.2 |      10 |      15 |  60.0
       D:10 |    3835 |     775 |  16.8 |      42 |       4 |   8.7
       D:11 |    5514 |       0 |   0.0 |      45 |       0 |   0.0
       D:12 |    2762 |   14474 |  84.0 |      18 |      61 |  77.2
       D:13 |    6225 |    8813 |  58.6 |      39 |      12 |  23.5
       D:14 |   11341 |       0 |   0.0 |      51 |       0 |   0.0
       D:15 |    7859 |    4296 |  35.3 |      20 |       8 |  28.6
     Lair:1 |    4034 |       0 |   0.0 |      20 |       0 |   0.0
     Lair:2 |    8768 |     851 |   8.8 |      32 |       1 |   3.0
     Lair:3 |    4324 |    2342 |  35.1 |      11 |       5 |  31.2
     Lair:4 |   13426 |     566 |   4.0 |      47 |       3 |   6.0
     Lair:5 |    3200 |       0 |   0.0 |      11 |       0 |   0.0
     Lair:6 |    9866 |    6312 |  39.0 |      32 |       9 |  22.0
   Shoals:1 |    7612 |       0 |   0.0 |      19 |       0 |   0.0
   Shoals:2 |    7929 |       0 |   0.0 |      18 |       0 |   0.0
   Shoals:3 |    6665 |    1643 |  19.8 |      13 |       2 |  13.3
   Shoals:4 |   19843 |   28670 |  59.1 |      43 |      39 |  47.6
   Spider:1 |    8811 |       0 |   0.0 |      26 |       0 |   0.0
   Spider:2 |    6149 |    5483 |  47.1 |      21 |       2 |   8.7
   Spider:3 |   21649 |    9244 |  29.9 |      50 |      10 |  16.7
   Spider:4 |   20374 |   27350 |  57.3 |      48 |      47 |  49.5
      Orc:1 |    3226 |       0 |   0.0 |      27 |       0 |   0.0
      Orc:2 |    5249 |   11729 |  69.1 |      58 |      38 |  39.6
   Vaults:1 |   21680 |    4136 |  16.0 |      41 |       7 |  14.6
   Vaults:2 |   38582 |   20214 |  34.4 |      63 |      37 |  37.0
   Vaults:3 |   26961 |   29396 |  52.2 |      43 |      44 |  50.6
   Vaults:4 |   37224 |   28785 |  43.6 |      60 |      33 |  35.5
   Depths:1 |   42091 |    9675 |  18.7 |      60 |      17 |  22.1
   Depths:2 |   41833 |    9475 |  18.5 |      66 |      15 |  18.5
   Depths:3 |   19784 |   51646 |  72.3 |      25 |      45 |  64.3
   Depths:4 |   17013 |   11603 |  40.5 |      15 |      22 |  59.5
   Depths:5 |   23902 |   31244 |  56.7 |      22 |      18 |  45.0
      Zot:1 |   47234 |       0 |   0.0 |      27 |       0 |   0.0
      Zot:2 |   38854 |       0 |   0.0 |      19 |       0 |   0.0
      Zot:3 |   51769 |    3839 |   6.9 |      31 |       1 |   3.1
      Zot:4 |   52739 |   65156 |  55.3 |      28 |      22 |  44.0
      Zot:5 |   31979 |   78264 |  71.0 |      18 |      24 |  57.1
    Abyss:1 |   66627 |    6114 |   8.4 |      67 |       4 |   5.6
    Abyss:2 |   31468 |     683 |   2.1 |      71 |       2 |   2.7
    Abyss:3 |  121217 |   11549 |   8.7 |     228 |      16 |   6.6
    Abyss:4 |   17861 |       0 |   0.0 |      43 |       0 |   0.0
     Bailey |       0 |     993 | 100.0 |       0 |      13 | 100.0
      IceCv |       0 |    8473 | 100.0 |       0 |      60 | 100.0
    Volcano |       0 |    5509 | 100.0 |       0 |      19 | 100.0
            +---------+---------+-------+---------+---------+-------
